 Dungeon Crawl Stone Soup version 0.13.0-28-g1b50097 (webtiles) character file.

97 Grandi the Magician (level 4, 0/28 HPs)
             Began as a Human Wizard on Nov 3, 2013.
             Slain by a gnoll
             ... wielding a +4,+0 halberd of freezing
              (8 damage)
             ... on Level 2 of the Dungeon.
             The game lasted 00:14:35 (1978 turns).

Grandi the Magician (Human Wizard)                  Turns: 1978, Time: 00:14:36

HP   0/28        AC  2     Str  7      XL: 4   Next:  5%
MP   2/11        EV 12     Int 20      God:
Gold 46          SH  0     Dex 11      Spells:  3 memorised,  5 levels left

Res.Fire  : . . .   See Invis. : .   l - +1 elf dagger
Res.Cold  : . . .   Warding    : .   i - +0 robe
Life Prot.: . . .   Conserve   : .   (no shield)
Res.Poison: .       Res.Corr.  : .   b - +0 wizard hat
Res.Elec. : .       Clarity    : .   (no cloak)
Sust.Abil.: . .     Spirit.Shd : .   (no gloves)
Res.Mut.  : .       Stasis     : .   (no boots)
Res.Rott. : .       Flight     : .   (no amulet)
Saprovore : . . .                    (no ring)
                                     (no ring)

@: slightly resistant to hostile enchantments, fairly stealthy
A: no striking features
a: no special abilities


You were on level 2 of the Dungeon.
You were near starving.

You visited 1 branch of the dungeon, and saw 2 of its levels.

You collected 26 gold pieces.

Inventory:

Hand weapons
 e - a +0,+0 spear
 g - a +0,+0 short sword
 h - a +2,+1 short sword
 l - a +1,+1 elven dagger (weapon)
Missiles
 f - 9 darts (quivered)
Armour
 a - a +0 robe
 b - a +0 wizard hat (worn)
 i - a +0 robe (worn)
 q - a +0 leather armour
Comestibles
 d - a bread ration
 m - a chunk of goblin flesh
 p - an apple
Scrolls
 k - 2 scrolls of identify {unknown}
 n - a scroll of remove curse {unknown}
 o - 4 scrolls of teleportation {unknown}
Jewellery
 j - a +2 ring of intelligence {unknown}
Books
 c - a book of Minor Magic

   Spells                             Type                      Level
   *Magic Dart                        Conjuration                  1
   *Blink                             Translocation                2
   *Call Imp                          Summoning                    2
   Repel Missiles                     Charms/Air                   2
   Slow                               Hexes                        2
   Conjure Flame                      Conjuration/Fire             3
   Mephitic Cloud                     Conjuration/Poison/Air       3


   Skills:
 + Level 2.4 Dodging
 + Level 2.1 Stealth
 + Level 0.2 Unarmed Combat
 + Level 3.9 Spellcasting
 + Level 1.3 Conjurations
 + Level 1.1 Summonings
 + Level 1.0 Translocations


You had 5 spell levels left.
You knew the following spells:

 Your Spells              Type           Power        Failure   Level  Hunger
a - Magic Dart            Conj           #...         10%         1    None
b - Blink                 Tloc           N/A          14%         2    #......
c - Call Imp              Summ           #.........   14%         2    #......


Dungeon Overview and Level Annotations

Branches:
Dungeon (2/27)

Altars:


Message History

Your shadow imp barely misses the gnoll.
Casting: Call Imp
Confirm with . or Enter, or press ? or * to list all spells.
You don't have enough magic to cast that spell.
The bat misses you.
The gnoll barely misses your shadow imp.
Your shadow imp gestures at the gnoll.
The gnoll resists.
The bat hits you but does no damage. The bat closely misses you.
The bat misses you. The bat hits you.
* * * LOW HITPOINT WARNING * * *
The bat hits you.
* * * LOW HITPOINT WARNING * * *
The gnoll shouts!
The bat closely misses you. The bat barely misses you. The bat misses you.
The gnoll hits you from afar with a halberd of freezing!
You die...

##. #. #...... #
... ... + #..#.%.
# #...#.# #.#.#.#
#.#.#.# #.#b#.#
#+# #...@.# #.#
###.### #.#
#g###########.##
#...5g....##...##
#########%#.....
#.##gg.
#.###.#####
#..%g§.....
###########


You could see a gnoll and a bat.

Vanquished Creatures
  An adder (D:1)
  A giant mite (D:1)
  3 bats (D:1)
  A giant cockroach (D:1)
  7 hobgoblins
  A giant newt (D:1)
  5 goblins
  5 kobolds
  A quokka (D:2)
25 creatures vanquished.

Vanquished Creatures (collateral kills)
  2 gnolls
  A giant cockroach (D:1)
3 creatures vanquished.

Vanquished Creatures (others)
  A crimson imp (D:2)
  A shadow imp (D:2)
  A white imp (D:2)
3 creatures vanquished.

Grand Total: 31 creatures vanquished

Notes
Turn   | Place    | Note
--------------------------------------------------------------
     0 | D:1      | Grandi, the Human Wizard, began the quest for the Orb.
     0 | D:1      | Reached XP level 1. HP: 11/11 MP: 5/5
   289 | D:1      | Reached XP level 2. HP: 17/17 MP: 0/7
   293 | D:1      | Learned a level 2 spell: Blink
   612 | D:1      | Reached XP level 3. HP: 22/22 MP: 1/9
   755 | D:1      | HP: 1/22 [gnoll/spear (10)]
   767 | D:2      | Learned a level 2 spell: Call Imp
  1950 | D:2      | Reached XP level 4. HP: 28/28 MP: 1/11
  1978 | D:2      | Slain by a gnoll

Action                   |  1- 3 |  4- 6 || total
-------------------------+-------+-------++-------
Melee: Unarmed           |    11 |       ||    11
       Dagger            |       |     3 ||     3
 Cast: Magic Dart        |    68 |       ||    68
       Call Imp          |    10 |     1 ||    11
       Blink             |     1 |       ||     1
  Use: Potion            |     3 |       ||     3
       Scroll            |     1 |       ||     1
